 Dungeon Crawl Stone Soup version 0.29.1-13-g9f3cf754e1 (webtiles) character file.

Game seed: 13733849485620762131

13937 sanboga the Grappler (level 11, -2/100 HPs)
             Began as a Demonspawn Berserker on Jan 23, 2023.
             Was a High Priest of Trog.
             Slain by a boulder beetle (19 damage)
             ... on level 11 of the Dungeon on Jan 24, 2023.
             The game lasted 00:11:49 (12859 turns).

sanboga the Grappler (Demonspawn Berserker)        Turns: 12859, Time: 00:11:50

Health: -2/100     AC: 15    Str: 27    XL:     11   Next: 82%
Magic:  11/11      EV: 11    Int:  8    God:    Trog [*****.]
Gold:   893        SH:  0    Dex: 14    Spells: 10/10 levels left

rFire   . . .      SeeInvis .     - Unarmed
rCold   . . .      Faith    .   (no shield)
rNeg    . . .      Spirit   .   c - +0 swamp dragon scales
rPois   +          Reflect  .   (no helmet)
rElec   .          Harm     .   a - +1 cloak
rCorr   .          Rampage  .   (no gloves)
Will    +....                   (no boots)
Stlth   +.........              u - amulet of the acrobat
HPRegen 0.26/turn               s - +6 ring of strength
MPRegen 0.12/turn               m - ring of willpower

@: on berserk cooldown, slowed, very slow
A: hooves 2, molten scales 2, robust 1, spiny 1, demonic magic 1
a: Renounce Religion, Berserk, Trog's Hand, Brothers in Arms


You were on level 11 of the Dungeon.
You worshipped Trog.
Trog was extremely pleased with you.
You visited 1 branch of the dungeon, and saw 11 of its levels.

You collected 893 gold pieces.

Inventory:

Armour
 a - a +1 cloak (worn)
 c - +0 swamp dragon scales (worn)
Jewellery
 m - a ring of willpower (right hand)
 s - a +6 ring of strength (left hand)
 u - an amulet of the acrobat (around neck)
 w - a ring of fire
Wands
 g - a wand of flame (5)
 i - a wand of paralysis (4)
 t - a wand of digging (8)
 z - a wand of polymorph (29)
 A - a wand of quicksilver (16)
Scrolls
 d - 2 scrolls of fear {unknown}
 e - 2 scrolls of immolation {unknown}
 f - a scroll of summoning {unknown}
 j - 3 scrolls of teleportation
 o - 2 scrolls of amnesia {unknown}
 r - a scroll of enchant armour {unknown}
 y - 2 scrolls of magic mapping {unknown}
 D - 2 scrolls of blinking
Potions
 b - 4 potions of might
 h - 6 potions of mutation
 k - a potion of cancellation {unknown}
 l - 6 potions of flight
 n - 5 potions of haste
 p - 5 potions of curing
 q - a potion of resistance
 v - a potion of berserk rage
 x - 2 potions of invisibility
 C - a potion of heal wounds


   Skills:
 + Level 10.2 Fighting
 + Level 9.1 Armour
 - Level 1.7 Dodging
 * Level 12.8 Unarmed Combat


You had 10 spell levels left.
You didn't know any spells.
Your spell library was empty.

Dungeon Overview and Level Annotations

Branches:
Dungeon (11/15)            Temple (0/1) D:4            Lair (0/5) D:8
    Orc (0/2) D:11

Altars:
Cheibriados
Hepliaklqana
Nemelex Xobeh
Okawaru
Qazlal
Ru
Trog
Uskayaw
Vehumet
Wu Jian
Yredelemnul

Shops:
D:3 (   D:7 (   D:11 ([


Innate Abilities, Weirdness & Mutations

You have hoof-like feet.
You are mostly covered in molten scales. (AC +3)
You are robust. (+10% HP)
You are partially covered in sharp spines.
Spells you cast may paralyse adjacent enemies.


Message History

You hit the boulder beetle but do no damage.
You kick the boulder beetle, but do no damage.
You punch the boulder beetle, but do no damage.
The boulder beetle is heavily wounded.
The boulder beetle closely misses you.
You hit the boulder beetle.
You kick the boulder beetle, but do no damage.
The boulder beetle is heavily wounded.
The boulder beetle bites you!
You hit the boulder beetle but do no damage.
The boulder beetle is heavily wounded.
The boulder beetle bites you!!
You punch the boulder beetle!
The boulder beetle is severely wounded.
The boulder beetle misses you.
The boulder beetle leaps!
The boulder beetle curls into a ball and begins rolling!
The boulder beetle closely misses you.
The boulder beetle stops rolling and uncurls.
The boulder beetle closely misses you.
The boulder beetle is struck by your spines.
The boulder beetle misses you.
You hit the boulder beetle but do no damage.
You kick the boulder beetle!
The boulder beetle is almost dead.
The boulder beetle is struck by your spines.
The boulder beetle bites you.
You hit the boulder beetle but do no damage.
You kick the boulder beetle, but do no damage.
The boulder beetle is almost dead.
The boulder beetle bites you!
You hit the boulder beetle.
The boulder beetle is almost dead.
The boulder beetle bites you!!
* * * LOW HITPOINT WARNING * * *
You are too injured to fight recklessly!
You are too injured to fight recklessly!
You hit the boulder beetle but do no damage.
The boulder beetle is almost dead.
The boulder beetle bites you!!
You die...

.........######...###
..#......## ###...####
#...#...## ##.......#
#.####...####........#.
#.. #.................
#.. #................. ..
##.................
#.)..####.......... ...
##.@B..####.........
#..###.......####.......#
#.........##..###......##
##......>.###..#......##
#.......## ##....###.#
#........# #...## .#
##.......# #...# #
#.......## #...#
#####..รท.##....#


You could see a boulder beetle.

Vanquished Creatures
  Fannar (D:11)
  2 two-headed ogres
  An ugly thing (D:11)
  A cyclops (D:7)
  A manticore (D:11)
  Maurice (D:10)
  2 unseen horrors (D:10)
  Maggie (D:7)
  2 komodo dragons
  A hornet (D:9)
  3 trolls
  A slime creature (D:7)
  A dream sheep (shapeshifter) (D:11)
  5 wyverns
  6 yaks (D:10)
  Sigmund (D:5)
  A shadow (D:9)
  A vampire (D:9)
  A basilisk (D:8)
  4 steam dragons
  Grum (D:10)
  2 vampire mosquitoes (D:10)
  The ghost of DemonSlayer the Digger, an amateur DsEE (D:4)
  2 acid dragons
  Edmund (D:6)
  2 water moccasins
  Duvessa (D:7)
  An orc warrior (D:9)
  3 ice beasts (D:7)
  A sky beast (D:8)
  2 ogres (D:6)
  2 wolves (D:10)
  2 centaurs (D:8)
  3 kobold brigands
  A phantom (D:5)
  4 gnoll sergeants
  5 necrophages
  3 scorpions
  4 bullfrogs
  3 wights (D:9)
  Dowan (D:7)
  3 killer bees (D:8)
  3 howler monkeys
  5 gnoll boudas
  11 jellies
  10 hounds
  4 orc priests
  Crazy Yiuf (D:2)
  2 iguanas
  5 orc wizards
  2 mummies
  35 gnolls
  9 adders
  2 hound simulacra (D:4)
  A shadow imp (D:7)
  3 white imps
  An ufetubus (D:7)
  2 worms
  3 dart slugs
  3 adder simulacra (D:4)
  46 orcs
  3 bats (D:2)
  19 endoplasms
  4 giant cockroaches
  8 goblins
  15 hobgoblins
  6 jackals
  3 quokkas
  9 ball pythons
  5 frilled lizards
  2 hobgoblin zombies (D:7)
  18 kobolds
  2 kobold zombies (D:7)
  A spectral orc (D:9)
328 creatures vanquished.

Vanquished Creatures (others)
  A bush (D:1)
  7 fungi (D:7)
  A plant (D:2)
9 creatures vanquished.

Grand Total: 337 creatures vanquished

Notes
Turn   | Place    | Note
-------+----------+-------------------------------------------
     0 | D:1      | sanboga the Demonspawn Berserker began the quest for the
                  | Orb.
     0 | D:1      | Reached XP level 1. HP: 18/18 MP: 1/1
   192 | D:1      | Reached skill level 3 in Unarmed Combat
   192 | D:1      | Gained mutation: You are partially covered in sharp spines.
                  | [demonic ancestry]
   192 | D:1      | Reached XP level 2. HP: 21/24 MP: 2/2
   803 | D:1      | You fall into a shaft and drop 1 floor!
   831 | D:2      | Gained mutation: You have large cloven feet. [demonic
                  | ancestry]
   831 | D:2      | Reached XP level 3. HP: 29/29 MP: 3/3
   875 | D:2      | Reached ** piety under Trog
  1098 | D:2      | Gained mutation: You have hoof-like feet. [demonic
                  | ancestry]
  1098 | D:2      | Reached XP level 4. HP: 20/36 MP: 4/4
  1666 | D:2      | Found a runed translucent door.
  1667 | D:2      | Noticed Crazy Yiuf
  1731 | D:2      | Found a faded altar of an unknown god.
  1797 | D:2      | Killed Crazy Yiuf
  1798 | D:2      | Reached skill level 4 in Unarmed Combat
  2178 | D:3      | Found Zunirann's Weapon Emporium.
  2377 | D:3      | Gained mutation: You are partially covered in molten
                  | scales. (AC +2) [demonic ancestry]
  2377 | D:3      | Reached XP level 5. HP: 42/42 MP: 5/5
  2675 | D:4      | Found a runed translucent gate.
  2675 | D:4      | Found a runed translucent gate.
  2675 | D:4      | Found a runed translucent gate.
  3030 | D:4      | Gained mutation: You are mostly covered in molten scales.
                  | (AC +3) [demonic ancestry]
  3030 | D:4      | Reached XP level 6. HP: 40/49 MP: 6/6
  3172 | D:4      | Reached skill level 5 in Unarmed Combat
  3502 | D:4      | Noticed DemonSlayer's ghost (amateur DsEE)
  3643 | D:4      | Reached *** piety under Trog
  3857 | D:4      | Found a staircase to the Ecumenical Temple.
  4007 | D:4      | Killed DemonSlayer's ghost
  4008 | D:4      | Gained mutation: Spells you cast may paralyse adjacent
                  | enemies. [demonic ancestry]
  4008 | D:4      | Reached XP level 7. HP: 55/55 MP: 7/7
  4099 | D:5      | Entered Level 5 of the Dungeon
  4171 | D:5      | Reached skill level 5 in Fighting
  4322 | D:5      | Reached skill level 6 in Unarmed Combat
  4458 | D:5      | Found a bloodstained altar of Trog.
  4475 | D:5      | Noticed Sigmund
  4496 | D:5      | Killed Sigmund
  4497 | D:5      | Reached XP level 8. HP: 46/63 MP: 8/8
  5051 | D:5      | Reached skill level 7 in Unarmed Combat
  5229 | D:5      | Found a snail-covered altar of Cheibriados.
  5407 | D:5      | Reached **** piety under Trog
  5478 | D:6      | Reached skill level 5 in Armour
  5874 | D:6      | Reached skill level 8 in Unarmed Combat
  5877 | D:6      | Found a sacrificial altar of Ru.
  5886 | D:6      | Noticed Edmund
  5891 | D:6      | Killed Edmund
  5892 | D:6      | Gained mutation: You are robust. (+10% HP) [demonic
                  | ancestry]
  5892 | D:6      | Reached XP level 9. HP: 24/78 MP: 9/9
  6787 | D:7      | Noticed Duvessa
  6787 | D:7      | Noticed Dowan
  6797 | D:7      | Killed Duvessa
  6798 | D:7      | Reached skill level 9 in Unarmed Combat
  6805 | D:7      | Killed Dowan
  6987 | D:7      | Noticed a cyclops
  6995 | D:7      | Found Onetza's Weapon Shoppe.
  7003 | D:7      | Killed a cyclops
  7347 | D:7      | Noticed Maggie
  7357 | D:7      | Killed Maggie
  7655 | D:7      | Reached XP level 10. HP: 74/88 MP: 10/10
  7667 | D:7      | Reached skill level 10 in Unarmed Combat
  8295 | D:8      | Found a stormy altar of Qazlal.
  8295 | D:8      | Found a hazy altar of Hepliaklqana.
  8296 | D:8      | Found a sparkling altar of Nemelex Xobeh.
  8299 | D:8      | Reached ***** piety under Trog
  8625 | D:8      | Found an ornate altar of the Wu Jian Council.
  8880 | D:8      | Found a staircase to the Lair.
  9341 | D:9      | Reached skill level 11 in Unarmed Combat
  9850 | D:9      | Found a radiant altar of Vehumet.
  9851 | D:9      | Noticed a two-headed ogre
  9862 | D:9      | Killed a two-headed ogre
  9863 | D:9      | Reached XP level 11. HP: 97/97 MP: 11/11
 10085 | D:9      | Found a basalt altar of Yredelemnul.
 10154 | D:10     | Entered Level 10 of the Dungeon
 10714 | D:10     | Found a hide-covered altar of Uskayaw.
 10725 | D:10     | Noticed Maurice
 10741 | D:10     | Killed Maurice
 10828 | D:10     | Found an iron altar of Okawaru.
 10894 | D:10     | Reached skill level 12 in Unarmed Combat
 10940 | D:10     | Noticed Grum
 10949 | D:10     | Received a gift from Trog
 10957 | D:10     | Killed Grum
 11915 | D:11     | Noticed Fannar
 11916 | D:11     | Noticed a two-headed ogre
 11925 | D:11     | Killed a two-headed ogre
 11931 | D:11     | Killed Fannar
 11932 | D:11     | Reached skill level 10 in Fighting
 12462 | D:11     | Found Anarucist's Weapon Shoppe.
 12462 | D:11     | Found a staircase to the Orcish Mines.
 12462 | D:11     | Found Acusm's Armour Shoppe.
 12623 | D:11     | Noticed a green ugly thing
 12633 | D:11     | Killed a green ugly thing
 12827 | D:11     | Noticed a boulder beetle
 12859 | D:11     | Slain by a boulder beetle

Illustrated notes

Levels and vault maps discovered:
D:1:      dpeg_arrival_radiant, layout_loops_ring, minmay_hedge_maze
D:2:      layout_basic, shapermc_ecumenical_altar_mp_urbaneastern,
          nicolae_underground_beach, uniq_crazy_yiuf_cottage
D:3:      layout_loops_corners, serial_shops, nicolae_shop_advertising_works
          [nicolae_subvault_shop_adworks]
D:4:      kennysheep_spiral_hall, layout_cave_pools,
          minmay_temple_entry_poolview, gammafunk_ghost_icy,
          minmay_snake_closets
D:5:      minmay_recursive_quarters, layout_basic, slow_altar_1,
          nicolae_overflow_crystal_walls, minmay_misc_feat_iff, uniq_sigmund
D:6:      layout_loops_ring, nicolae_ru_awakened_eye, uniq_edmund
D:7:      lemuel_slime, layout_cave_pools, serial_shops, shop,
          minmay_mini_ossuary, uniq_duvessa, uniq_maggie
D:8:      layout_rooms, grunt_temple_overflow_open,
          gammafunk_temple_overflow_pools, erik_lair_dragon, chequers_garden
D:9:      layout_long_grid, yredelemnul_forgotten_temple_becter,
          nicolae_vehumet_altar_sigil
D:10:     layout_cross, mainiacjoe_overflow_cross_hatched,
          mainiacjoe_overflow_concentric_impassable,
          mainiacjoe_overflow_six_doors_small, serial_gnoll_camp, grums_kennel,
          gnoll_camp_mini_hut, gnoll_camp_mini_loothouse,
          gnoll_camp_mini_sergeant, gnoll_camp_mini_basic, uniq_maurice
D:11:     layout_layer_cave, orc_david_3, uniq_fannar

Skill      XL: |  1  2  3  4  5  6  7  8  9 10 11 |
---------------+----------------------------------+-----
Armour         | 2 3 4 5 6 8 9 |  9.1
Unarmed Combat | 3 4 5 6 8 9 11 12 | 12.8
Fighting       | 4 5 6 7 9 10 | 10.2
Dodging        | |  1.7

Action                   |  1- 3 |  4- 6 |  7- 9 | 10-12 || total
-------------------------+-------+-------+-------+-------++-------
Melee: Unarmed           |   149 |   121 |   261 |   331 ||   862
       Punch             |     6 |     3 |     5 |    30 ||    44
       Kick              |     4 |    34 |    82 |   103 ||   223
Invok: Berserk           |     2 |     3 |     4 |     8 ||    17
  Use: Scroll            |       |       |     2 |    13 ||    15
 Stab: Sleeping          |       |     6 |     3 |       ||     9
Armor: Animal skin       |     7 |    16 |    15 |       ||    38
       Scale mail        |       |       |    42 |    35 ||    77
       Swamp dragon scal |       |       |       |   106 ||   106
Dodge: Dodged            |    39 |    55 |   119 |   209 ||   422
